Map: Jagannatha LE

Players

Darkness

  • Race: Protoss Protoss
  • League: Master
  • Spawn Location: 7:00

JimRising - Winner!

  • Race: Zerg Zerg
  • League: Master
  • Spawn Location: 1:00

Event: DreamHack SC2 Masters 2020 Winter

VOD

Have the link to the VOD?

Description

Time

  • Played on: Oct. 14, 2020, 8:07 p.m.
  • Length: 12:19

All games in this series

Show
View Real Time Build Order
Export as new Build Order

Darkness Protoss 

Build Orders: 1 Gate Expand, Phoenix Opening, Mass Phoenix 

Get SALT Encoding   

  12  0:00  Probe  
  13  0:12  Probe  
  14  0:18  Pylon  
  14  0:24  Probe (Chrono Boost)  
  15  0:37  Probe (Chrono Boost)  
  15  0:38  Gateway  
  16  0:45  Probe (Chrono Boost)  
  16  0:47  Assimilator  
  17  0:51  Probe  
  18  1:03  Probe  
  19  1:15  Probe  
  20  1:26  Nexus  
  20  1:36  Cybernetics Core  
  20  1:38  Probe  
  21  1:46  Assimilator  
  21  1:50  Probe  
  22  1:55  Pylon  
  22  2:02  Probe  
  23  2:10  Adept (Chrono Boost)  
  23  2:13  Warp Gate  
  23  2:14  Probe (Chrono Boost)  
  26  2:26  Probe (Chrono Boost)  
  26  2:28  Stargate  
  27  2:31  Probe (Chrono Boost)  
  27  2:35  Adept  
  30  2:39  Probe (Chrono Boost)  
  32  2:46  Probe (Chrono Boost)  
  32  2:50  Probe (Chrono Boost)  
  33  2:54  Probe x2 (Chrono Boost)  
  35  3:05  Gateway, Adept, Probe x2  
  37  3:11  Phoenix (Chrono Boost)  
  41  3:17  Probe x2  
  43  3:21  Pylon  
  43  3:29  Probe  
  43  3:31  Probe  
  45  3:39  Pylon  
  48  3:41  Assimilator  
  48  3:43  Probe  
  48  3:44  Assimilator  
  48  3:45  Phoenix (Chrono Boost)  
  48  3:46  Probe  
  49  3:55  Probe  
  50  3:56  Stargate  
  50  3:58  Probe  
  51  4:04  Phoenix (Chrono Boost)  
  51  4:07  Probe  
  51  4:08  Pylon  
  54  4:10  Probe  
  55  4:19  Probe  
  55  4:22  Probe  
  57  4:25  Phoenix, Adept  
  57  4:26  Adept  
  64  4:31  Probe  
  64  4:34  Probe  
  65  4:40  Nexus  
  65  4:43  Pylon  
  65  4:49  Phoenix (Chrono Boost)  
  65  4:51  Phoenix (Chrono Boost)  
  69  4:56  Probe  
  70  5:01  Probe  
  70  5:05  Phoenix (Chrono Boost)  
  71  5:08  Probe  
  71  5:10  Phoenix  
  71  5:13  Probe  
  77  5:17  Protoss Air Weapons Level 1 (Chrono Boost)  
  77  5:18  Pylon  
  77  5:21  Probe  
  77  5:22  Shield Battery  
  78  5:36  Phoenix x2, Probe x2  
  78  5:37  Adept  
  86  5:44  Adept  
  86  5:48  Probe  
  83  5:52  Probe  
  75  5:59  Adept  
  75  6:01  Oracle  
  75  6:03  Phoenix  
  75  6:04  Probe  
  78  6:07  Probe x2  
  77  6:11  Adept  
  77  6:22  Probe  
  77  6:23  Probe  
  76  6:29  Adept  
  76  6:32  Pylon  
  76  6:37  Adept  
  72  6:42  Probe  
  65  6:48  Probe (Chrono Boost)  
  65  6:50  Probe (Chrono Boost)  
  65  6:53  Adept  
  68  6:55  Probe (Chrono Boost)  
  68  7:00  Probe (Chrono Boost)  
  71  7:02  Probe (Chrono Boost)  
  71  7:05  Probe (Chrono Boost)  
  71  7:06  Probe (Chrono Boost)  
  71  7:07  Probe (Chrono Boost)  
  73  7:09  Probe (Chrono Boost)  
  73  7:14  Adept  
  77  7:16  Adept  
  77  7:19  Shield Battery  
  77  7:20  Probe x2  
  79  7:25  Probe  
  80  7:32  Probe x2  
  82  7:37  Adept x2, Probe  
  82  7:41  Shield Battery  
  80  7:44  Probe x2  
  80  7:49  Fleet Beacon, Probe  
  80  7:55  Void Ray (Chrono Boost)  
  80  7:56  Probe x2  
  80  7:57  Void Ray (Chrono Boost)  
  86  8:03  Probe (Chrono Boost)  
  86  8:08  Probe (Chrono Boost)  
  92  8:14  Probe (Chrono Boost)  
  92  8:19  Assimilator, Pylon, Probe (Chrono Boost)  
  94  8:20  Probe (Chrono Boost)  
  94  8:22  Assimilator  
  94  8:23  Probe (Chrono Boost)  
  94  8:24  Probe (Chrono Boost)  
  94  8:26  Probe, Void Ray (Chrono Boost)  
  97  8:29  Stargate  
  97  8:33  Probe  
  102  8:34  Probe, Void Ray (Chrono Boost)  
  102  8:38  Probe  
  102  8:39  Pylon  
  108  8:46  Probe x2  
  110  8:48  Flux Vanes  
  110  8:50  Probe  
  110  8:53  Forge  
  111  8:56  Void Ray (Chrono Boost)  
  111  8:58  Probe  
  114  9:08  Void Ray (Chrono Boost)  
  114  9:09  Shield Battery  
  114  9:11  Pylon  
  114  9:12  Void Ray (Chrono Boost)  
  114  9:13  Pylon  
  122  9:21  Stalker x2  
  119  9:24  Probe x2  
  119  9:26  Probe  
  119  9:30  Void Ray  
  113  9:36  Probe  
  112  9:39  Probe, Void Ray  
  112  9:43  Probe  
  118  9:47  Void Ray (Chrono Boost)  
  118  9:50  Probe  
  118  9:51  Probe  
  122  10:07  Zealot x2  
  122  10:15  Void Ray (Chrono Boost)  
  122  10:19  Void Ray (Chrono Boost)  
Show
View Real Time Build Order
Export as new Build Order

JimRising Zerg - Winner!

Build Orders: Hatch First 

Get SALT Encoding   

  12  0:00  Drone  
  13  0:12  Overlord  
  13  0:17  Drone  
  14  0:30  Drone x2  
  16  0:48  Hatchery  
  15  0:52  Drone  
  15  0:56  Drone  
  17  0:59  Drone  
  17  1:03  Extractor  
  17  1:16  Spawning Pool  
  16  1:18  Drone  
  16  1:22  Drone  
  18  1:31  Drone  
  19  1:39  Drone  
  20  1:49  Drone  
  21  2:00  Overlord  
  21  2:03  Queen x2  
  21  2:08  Metabolic Boost  
  25  2:14  Drone x2  
  27  2:16  Zergling x2  
  27  2:21  Zergling x2  
  29  2:25  Drone  
  30  2:32  Drone  
  30  2:33  Drone  
  32  2:46  Hatchery  
  32  2:49  Queen  
  33  2:54  Overlord  
  34  2:58  Drone  
  34  3:00  Drone  
  34  3:01  Zergling x2  
  36  3:07  Overlord  
  36  3:13  Drone x2  
  36  3:15  Drone x2  
  40  3:22  Drone x2  
  40  3:23  Drone  
  40  3:25  Drone  
  44  3:29  Queen  
  46  3:34  Zergling x4  
  46  3:36  Drone  
  49  3:43  Drone, Spore Crawler  
  49  3:48  Spore Crawler, Overlord  
  48  3:54  Overlord  
  48  3:58  Queen  
  50  4:07  Drone x5  
  50  4:08  Drone x2  
  57  4:16  Drone  
  57  4:17  Drone x2  
  60  4:18  Spore Crawler  
  60  4:20  Drone x2  
  61  4:24  Overlord  
  61  4:26  Zergling x2  
  61  4:27  Zergling x2  
  63  4:33  Roach Warren  
  63  4:34  Spine Crawler  
  63  4:35  Zergling x2  
  63  4:38  Overlord  
  62  4:42  Overlord  
  62  4:43  Zergling x2  
  62  4:44  Zergling x2  
  64  4:50  Zergling x4  
  66  4:53  Overlord  
  66  4:55  Queen  
  68  5:03  Zergling x16  
  68  5:04  Zergling x2  
  77  5:08  Drone  
  77  5:09  Drone  
  77  5:10  Evolution Chamber  
  78  5:14  Drone x2  
  78  5:15  Drone x2  
  78  5:18  Drone x3  
  84  5:23  Drone  
  85  5:29  Drone x2  
  85  5:30  Lair  
  85  5:34  Drone x2  
  87  5:48  Zergling x12  
  87  5:55  Zergling x6  
  87  5:56  Zergling x4  
  88  5:57  Queen  
  88  6:07  Spore Crawler, Queen  
  88  6:08  Overlord  
  88  6:09  Spore Crawler  
  88  6:11  Spore Crawler  
  84  6:20  Drone x2  
  84  6:21  Drone x3  
  84  6:23  Extractor  
  84  6:24  Extractor  
  83  6:25  Spore Crawler  
  83  6:27  Drone x2, Spore Crawler  
  83  6:28  Drone x2  
  83  6:29  Extractor  
  83  6:30  Extractor  
  82  6:33  Queen  
  82  6:38  Zergling x10  
  82  6:39  Zergling x6  
  85  6:50  Zergling x2  
  85  6:51  Zergling x4  
  86  6:54  Extractor  
  86  6:57  Drone x3, Spire  
  86  6:58  Drone x2  
  86  6:59  Zerg Missile Weapons Level 1  
  86  7:00  Drone  
  90  7:01  Hydralisk Den  
  85  7:20  Zergling x6  
  85  7:21  Zergling x6  
  89  7:24  Overlord x2  
  79  7:52  Overlord x2  
  79  7:53  Overlord x4  
  77  8:08  Overlord  
  77  8:15  Corruptor x3  
  77  8:16  Corruptor x8  
  99  8:21  Drone  
  99  8:24  Drone  
  99  8:25  Baneling Nest  
  99  8:26  Drone, Hydralisk  
  99  8:27  Hydralisk  
  101  8:30  Evolution Chamber  
  101  8:32  Hatchery  
  103  8:35  Hydralisk x4  
  111  8:44  Overlord x3  
  111  8:49  Hydralisk  
  111  8:51  Muscular Augments  
  111  8:53  Zerg Melee Weapons Level 1  
  113  9:01  Overlord x2  
  113  9:03  Drone x6  
  113  9:04  Drone  
  120  9:10  Hydralisk x2  
  120  9:12  Zergling x4  
  120  9:14  Hydralisk  
  120  9:32  Corruptor x4  
  128  9:41  Zergling x2  
  128  9:42  Zergling x2  
  126  9:49  Corruptor  
  126  9:52  Hydralisk x5  
  124  9:54  Baneling x4  
  132  10:02  Zergling x2, Grooved Spines  
  132  10:03  Zergling x18  
  138  10:20  Hydralisk x2  
  130  10:22  Hydralisk x4  
  130  10:23  Hydralisk  
  130  10:24  Zergling x4  
  130  10:25  Zergling x6  
  141  10:29  Zergling x4  
Tags
 
Add a new tag
Caveats
  • Supply blocks, unpowered buildings, or Contaminate may cause inaccurate times.
  • Supply counts are checked every 10 seconds.